 Dungeon Crawl Stone Soup version 0.31-a0-233-g139696dc86 (webtiles) character file.

Game seed: 10095276268627845030

69 Decritt the Slasher (level 4, 27/35 HPs)
             Began as a Demonspawn Gladiator on July 7, 2023.
             Quit the game on level 2 of the Dungeon.
             The game lasted 00:03:05 (1245 turns).

Decritt the Slasher (Demonspawn Gladiator)          Turns: 1245, Time: 00:03:06

Health: 27/35      AC:  6    Str: 14    XL:     4   Next: 2%
Magic:  4/4        EV: 12    Int:  9    God:
Gold:   203        SH:  0    Dex: 17    Spells: 3/3 levels left

rFire   . . .        a - +0 long sword
rCold   . . .        (no shield)
rNeg    . . .        o - +2 leather armour {Will+}
rPois   .            c - +0 helmet
rElec   .            (no cloak)
rCorr   .            (no gloves)
SInv    .            (no boots)
Will    +....        (no amulet)
Stlth   +            (no ring)
HPRegen 0.25/turn    (no ring)
MPRegen 0.09/turn

%: no passive effects
@: no status effects
A: hooves 1, demonic magic 2
a: no special abilities


You were on level 2 of the Dungeon.
You visited 1 branch of the dungeon, and saw 2 of its levels.

You collected 203 gold pieces.

Inventory:

Hand Weapons
 a - a +0 long sword (weapon)
Missiles
 d - 3 throwing nets (quivered)
 e - a javelin
Armour
 b - a +0 leather armour
 c - a +0 helmet (worn)
 o - a +2 leather armour of willpower (worn)
Scrolls
 g - a scroll of torment {unknown}
 h - 2 scrolls of identify {unknown}
 k - a scroll of enchant armour {unknown}
 l - a scroll of teleportation {unknown}
 n - a scroll of acquirement {unknown}
Potions
 f - a potion of berserk rage {unknown}
 i - 2 potions of resistance {unknown}
 j - 2 potions of heal wounds {unknown}
 m - a potion of haste {unknown}


   Skills:
 * Level 3.0 Fighting
 * Level 3.4 Long Blades
 - Level 1.7 Throwing
 + Level 1.0 Armour
 + Level 3.0 Dodging


You had 3 spell levels left.
You didn't know any spells.
Your spell library was empty.

Dungeon Overview and Level Annotations

Branches:
Dungeon (2/15)

Altars:


Innate Abilities, Weirdness & Mutations

You have large cloven feet.
Spells you cast may paralyse nearby enemies.


Message History

No target in view!
You now have 200 gold pieces (gained 15).
Key pressed, stopping explore.
No target in view!
Key pressed, stopping explore.
No target in view!
No target in view!
No target in view!
You now have 203 gold pieces (gained 3).
Key pressed, stopping explore.
No target in view!
No target in view!
No target in view!
Terence the Incautious comes into view.
He is wielding a +0 flail.
Terence shouts!
Terence is nearby!
Terence closely misses you.
You hit Terence.
Terence is moderately wounded.
Terence hits you but does no damage.
You slash Terence! You kick Terence, but do no damage.
Terence is severely wounded.
Terence closely misses you.
You hit Terence but do no damage. You kick Terence, but do no damage.
Terence is severely wounded.
Terence hits you with a +0 flail. x2
You completely miss Terence. Your kick misses Terence.
Terence is severely wounded.
Terence hits you with a +0 flail.
You hit Terence.
You kill Terence!
Your Fighting skill increases to level 3!
Your Armour skill increases to level 1!
Your Dodging skill increases to level 3!
You have reached level 4!
You feel agile.
Your demonic ancestry asserts itself...
Your magic grows more menacing.
Things that are here:
a +0 flail; a +0 ring mail Are you sure you want to abandon this character and quit the game? (Confirm with "yes".)

...##..#..##.###.# #.# #.#
##.##..#..##.# #.####.## #.#
##........##.###.#.....# #.#
##.#####.###.....#.##..# #.#
.......................######.#
##.).....#########.#..........#
.......### #.#.#.########
##..##.###########.#.#.#
.....#..........@..#.#.#
#.##################.#.# ..
..... .. ....# #. ..#.# #.
##.#.#


There were no monsters in sight!

Vanquished Creatures
  Terence (D:2)
  A worm (D:2)
  3 bats
  6 endoplasms
  3 giant cockroaches
  A goblin (D:1)
  6 hobgoblins
  3 jackals (D:2)
  A quokka (D:1)
  A ball python (D:1)
  A frilled lizard (D:2)
  4 kobolds (D:1)
  6 rats
37 creatures vanquished.

Notes
Turn   | Place    | Note
-------+----------+-------------------------------------------
     0 | D:1      | Decritt the Demonspawn Gladiator began the quest for the
                  | Orb.
     0 | D:1      | Reached XP level 1. HP: 16/16 MP: 1/1
    13 | D:1      | You fall into a shaft and drop 1 floor!
   139 | D:2      | Gained mutation: You have large cloven feet. [demonic
                  | ancestry]
   139 | D:2      | Reached XP level 2. HP: 22/22 MP: 2/2
   542 | D:1      | Gained mutation: Spells you cast may paralyse adjacent
                  | enemies. [demonic ancestry]
   542 | D:1      | Reached XP level 3. HP: 25/28 MP: 3/3
  1237 | D:2      | Noticed Terence
  1243 | D:2      | Killed Terence
  1244 | D:2      | Reached skill level 1 in Armour
  1244 | D:2      | Gained mutation: Spells you cast may paralyse nearby
                  | enemies. [demonic ancestry]
  1244 | D:2      | Reached XP level 4. HP: 27/35 MP: 4/4
  1245 | D:2      | Quit the game

Illustrated notes

Levels and vault maps discovered:
D:1:      tarquinn_simple_flora_water_d, layout_basic, nrook_campfire
D:2:      layout_basic, amcnicky_mini_pool_small, minmay_rat_gold_closets,
          uniq_terence, uniq_jessica

Skill      XL: |  1  2  3 |
---------------+----------+-----
Long Blades    | 3 |  3.4
Fighting       | 3 |  3.0
Armour         | 1 |  1.0
Dodging        | 3 |  3.0
Throwing       | |  1.7

Action                     |  1- 3 |  4- 6 || total
---------------------------+-------+-------++-------
  Melee: Long sword        |    94 |       ||    94
         Kick              |    16 |       ||    16
   Stab: Sleeping          |     4 |       ||     4
 Armour: Leather armour    |    26 |       ||    26
  Dodge: Dodged            |    51 |       ||    51

Table legend: (Time is in decaauts)
 A = Elapsed time spent in this place.
 B = Non-inter-level travel time spent in this place.
 C = Inter-level travel time spent in this place.
 D = Time resting spent in this place.
 E = Time spent auto-exploring this place.
 F = Levels seen in this place.
 G = Mean time per level.
                   A        B        C        D        E       F      G
               +--------+--------+--------+--------+--------+-----+--------+
         Total |   1268 |   1244 |     24 |      0 |    983 |   2 |  634.0 |
       Dungeon |   1268 |   1244 |     24 |      0 |    983 |   2 |  634.0 |
               +--------+--------+--------+--------+--------+-----+--------+

Top non-repeatable levels by time:
     D:1: 780 daAuts
     D:2: 488 daAuts
